 Dungeon Crawl Stone Soup version 0.29.1-13-g9f3cf754e1 (webtiles) character file.

Game seed: 8775526904208617804

35214 nightchill the Stormcaller (level 13, -2/80 HPs)
             Began as a Tengu Air Elementalist on Feb 7, 2023.
             Was an Elder of Kikubaaqudgha.
             Slain by an ettin
             ... wielding a +0 dire flail
              (41 damage)
             ... on level 2 of the Orcish Mines.
             The game lasted 01:25:43 (23003 turns).

nightchill the Stormcaller (TeAE)                  Turns: 23003, Time: 01:25:43

Health: -2/80      AC:  4    Str:  9    XL:     13   Next: 82%
Magic:  5/27       EV: 19    Int: 20    God:    Kikubaaqudgha [****..]
Gold:   1091       SH:  0    Dex: 15    Spells: 17/30 levels left

rFire   + . .      SeeInvis .   w - staff of air
rCold   + . .      Faith    .   (no shield)
rNeg    + . .      Spirit   .   L - +2 robe {rC+ rF+}
rPois   .          Reflect  .   (helmet restricted)
rElec   +          Harm     .   (no cloak)
rCorr   .          Rampage  .   (no gloves)
Will    .....                   (boots unavailable)
Stlth   +++.......              g - amulet of magic regeneration
HPRegen 0.23/turn               n - ring of positive energy
MPRegen 0.60/turn               (no ring)

@: flying quickly and evasively, quick
A: beak, talons 3, nimble flight
a: Renounce Religion, Unearth Wretches


You were on level 2 of the Orcish Mines.
You worshipped Kikubaaqudgha.
Kikubaaqudgha was greatly pleased with you.
You visited 4 branches of the dungeon, and saw 18 of its levels.

You collected 1091 gold pieces.

Inventory:

Hand Weapons
 a - a +1 dagger of pain
 b - a +0 sling of venom
 x - a +2 dagger of venom
Missiles
 c - 7 throwing nets
 F - 14 curare-tipped darts
Armour
 k - a +1 robe
 u - an orb of light
 L - a +2 robe of resistance (worn)
Magical Staves
 w - a staff of air (weapon)
Jewellery
 g - an amulet of magic regeneration (around neck)
 n - a ring of positive energy (left hand)
 s - a ring of fire
 N - an amulet of faith
Wands
 r - a wand of roots (7)
 G - a wand of paralysis (22)
 H - a wand of polymorph (8)
 I - a wand of flame (25)
 J - a wand of mindburst (24)
 P - a wand of acid (5)
Scrolls
 d - a scroll of torment
 e - 8 scrolls of vulnerability
 h - 5 scrolls of teleportation
 j - a scroll of enchant armour
 m - 2 scrolls of noise
 o - 2 scrolls of magic mapping
 y - 2 scrolls of enchant weapon
 z - 4 scrolls of amnesia
 B - 2 scrolls of identify
 D - 4 scrolls of fog
 K - 2 scrolls of fear
 Q - a scroll of summoning
Potions
 f - 11 potions of ambrosia
 i - 3 potions of resistance
 l - 7 potions of attraction
 p - a potion of magic
 q - 7 potions of curing
 t - 5 potions of might
 v - a potion of invisibility
 A - 7 potions of heal wounds
 C - a potion of haste
 E - 2 potions of mutation
 M - a potion of berserk rage
 S - a potion of cancellation


   Skills:
 + Level 8.8 Fighting
 - Level 8.5 Dodging
 - Level 4.0 Stealth
 + Level 9.2 Spellcasting
 - Level 1.3 Conjurations
 * Level 13.0 Necromancy
 * Level 6.3 Ice Magic
 - Level 15.0 Air Magic


You had 17 spell levels left.
You knew the following spells:

 Your Spells              Type           Power      Damage    Failure   Level
a - Shock                 Conj/Air       100%       1d9       1%          1
b - Static Discharge      Conj/Air       58%        3-11/arc  1%          2
c - Airstrike             Air            40%        2d(6-22)  1%          4
d - Simulacrum            Ice/Necr       24%        N/A       22%         6

Your spell library contained the following spells:

 Spells                   Type           Power      Damage    Failure   Level
 Necrotise                Necr           100%       1d9       1%          1
 Sublimation of Blood     Necr           57%        N/A       1%          2
 Ozocubu's Armour         Ice            34%        N/A       1%          3
 Swiftness                Air            81%        N/A       1%          3
 Vampiric Draining        Necr           57%        2d10      1%          3
 Corpse Rot               Necr/Pois/Air  63%        N/A       1%          4
 Dispel Undead            Necr           57%        3d20      1%          4
 Agony                    Necr           57%        N/A       1%          5
 Ensorcelled Hibernation  Hex/Ice        42%        N/A       3%          2
 Anguish                  Hex/Necr       17%        N/A       4%          4
 Slow                     Hex            36%        N/A       8%          1
 Passwall                 Tmut/Erth      7%         N/A       12%         2
 Borgnjor's Vile Clutch   Necr/Erth      17%        N/A       14%         5
 Confusing Touch          Hex            9%         N/A       22%         3
 Summon Guardian Golem    Hex/Summ       9%         N/A       22%         3
 Fulminant Prism          Conj/Hex       5%         3d7       50%         4
 Iskenderun's Mystic Bla  Conj/Tloc      11%        2d4       50%         4
 Metabolic Englaciation   Hex/Ice        10%        N/A       50%         5
 Lee's Rapid Deconstruct  Erth           4%         3d6*      91%         5
 Summon Forest            Summ/Tloc      4%         N/A       91%         5
 Summon Mana Viper        Hex/Summ       9%         N/A       91%         5
 Summon Cactus Giant      Summ           4%         N/A       100%        6
 Orb of Destruction       Conj           7%         9d6       100%        7
 Spellforged Servitor     Conj/Summ      5%         N/A       100%        7


Dungeon Overview and Level Annotations

Branches:
Dungeon (11/15)            Temple (1/1) D:4            Lair (4/5) D:8
 Spider (0/4) Lair:2          Orc (2/2) D:11            Elf (0/3) Orc:2
  Swamp: Lair:2-3    Shoals: Lair:2-3     Slime: Lair:4-5

Altars:
Ashenzari
Cheibriados
Dithmenos
Elyvilon
Fedhas
Gozag
Hepliaklqana
Kikubaaqudgha
Makhleb
Nemelex Xobeh
Okawaru
Qazlal
Ru
Sif Muna
Trog
Uskayaw
Vehumet
Wu Jian
Xom
Yredelemnul
Zin
The Shining One

Shops:
D:2 *![!   D:8 :   Orc:2 ?

Annotations:
D:2 exclusion: 2 downstairs
D:3 exclusion: downstairs
D:5 exclusion: downstairs
D:6 exclusion: boulder beetle
D:8 exclusion: downstairs
Lair:2 exclusion: 2 oklob plants


Innate Abilities, Weirdness & Mutations

You have a beak for a mouth.
You have claws for feet.
Your magical nature lets you fly swiftly and evasively.


Message History

The spell is quite dangerous to miscast (22% risk of failure)!
Continue anyway?
Aiming: Simulacrum (quite dangerous; 22% risk of failure)
Press: ? - help, Shift-Dir - straight line, f - orc warrior
Aim: an orc warrior (almost dead, wandering, paralysed, hasn't noticed you)
You freeze the orc warrior's soul.
The ettin shouts in stereo!
Casting: Simulacrum (quite dangerous; 22% risk of failure)
Confirm with . or Enter, or press ? or * to list all spells.
You feel a surge of power!
The orc warrior is struck by an arc of lightning.
You kill the orc warrior!
That felt strangely unrewarding.
You resist.
You are struck by an arc of lightning.
The orc warrior is struck by an arc of lightning!
You kill the orc warrior!
That felt strangely unrewarding.
A freezing mist starts to gather...
You resist.
You are struck by an arc of lightning.
A freezing mist starts to gather... x3
What are your orders? t - Shout!
Orders for allies: a - Attack new target. r - Retreat! s - Stop attacking. g - Guard the area. f - Follow me.
Anything else - Cancel.
Gang up on whom?
Press: ? - help, Dir - move target, f - ettin
Aim: an ettin, wielding two +0 dire flails (ally target) Attack!
Your orc warrior simulacrum hits the ettin.
Your orc warrior simulacrum freezes the ettin.
Your orc warrior simulacrum hits the ettin.
Your orc warrior simulacrum freezes the ettin.
Your orc warrior simulacrum barely misses the ettin.
You swap places.
The ettin hits you with a +0 dire flail!!
* * * LOW HITPOINT WARNING * * *
The ettin hits you with a +0 dire flail!!!
Ouch! That really hurt!
You die...
Kikubaaqudgha rasps: "You have failed me!
Welcome... death!"

........[....#......###
...!..................#
.............#.#''#####**********
...............#..#...,,,,,,,,,,,
.......).......#..#..#,,,,,,,,,*,
.....)<)...#...#..#..#,,,,,,,,,*,
.....)))......##..#..#,,,*,*,,,*,
....#.........,#).#..#,,,,,,,,,*,
..............,#@Z#o.#,,,*,*,,,*,
.....)........,#ZC#..#,,,,,,,,,*,
..............,#.Z').#,,,,,,,,,*,
..............,#..'.......,,,,,,,
..#............###########*******
.##..ยง.................,,*,,,,,,,
.#.................#...,..#,,,,,*
##....O#..............,,...**,,,*
#.....Oo.............,,.)..,*,,**


You could see an ettin (ally target) and 3 friendly orc warrior simulacra.

Vanquished Creatures
  Harold (D:9)
  An ogre mage (Orc:2)
  3 hydras
  Erica (Lair:2)
  A centaur warrior (D:10)
  8 two-headed ogres
  An alligator (Lair:3)
  Sonja (Lair:1)
  A swamp dragon (Lair:3)
  An orc knight (Orc:2)
  An ugly thing (D:11)
  A cyclops (D:11)
  2 black mambas
  5 elephants (Lair:3)
  2 unseen horrors (D:11)
  8 cane toads
  11 komodo dragons
  A meliai (Lair:2)
  4 trolls
  A queen bee (Lair:1)
  2 polar bears
  Grinder (D:5)
  5 dream sheep (Lair:4)
  2 shadows (D:11)
  4 wyverns
  A wraith (D:10)
  15 yaks
  5 basilisks
  2 vampire mosquitoes (D:11)
  3 swamp worms (Lair:3)
  9 water moccasins
  An acid dragon (D:9)
  5 orc warriors
  2 swamp drakes (Lair:3)
  A black bear (Lair:1)
  An ice beast (D:6)
  5 centaurs
  4 ogres
  12 wolves
  3 phantoms
  3 kobold brigands
  2 necrophages
  12 bullfrogs
  6 scorpions
  17 wights
  21 killer bees
  A howler monkey (D:8)
  A gnoll bouda (D:9)
  9 orc priests
  9 hounds
  4 jellies
  An iguana (D:7)
  11 orc wizards
  7 hell rats (Lair:3)
  8 adders
  16 gnolls
  A shadow imp (D:7)
  A white imp (D:5)
  An ufetubus (D:4)
  4 worms
  4 dart slugs
  54 orcs
  8 bats
  9 endoplasms
  7 giant cockroaches
  5 goblins
  11 hobgoblins
  2 jackals (D:3)
  8 quokkas
  12 ball pythons
  46 kobolds
  8 rats
447 creatures vanquished.

Vanquished Creatures (others)
  An orc warrior (Orc:2)
  29 fungi
  24 plants
54 creatures vanquished.

Grand Total: 501 creatures vanquished

Notes
Turn   | Place    | Note
-------+----------+-------------------------------------------
     0 | D:1      | nightchill the Tengu Air Elementalist began the quest for
                  | the Orb.
     0 | D:1      | Reached XP level 1. HP: 10/10 MP: 4/4
    67 | D:1      | Reached XP level 2. HP: 15/15 MP: 0/6
   423 | D:1      | Learned a level 2 spell: Static Discharge
   620 | D:1      | Reached XP level 3. HP: 19/19 MP: 5/7
   778 | D:1      | Reached skill level 5 in Air Magic
  1102 | D:2      | Found a faded altar of an unknown god.
  1107 | D:2      | Found Lunit's Armour Boutique.
  1278 | D:2      | Found Maneemess's Distillery.
  1339 | D:2      | Found Loutwotz's Assorted Antiques.
  1354 | D:2      | Reached XP level 4. HP: 24/24 MP: 8/8
  1699 | D:2      | Found Ompet's Distillery.
  2326 | D:3      | Learned a level 4 spell: Airstrike
  2826 | D:3      | Reached skill level 6 in Air Magic
  2826 | D:3      | Gained mutation: Your magical nature lets you fly swiftly
                  | and evasively. [Tengu growth]
  2826 | D:3      | Reached XP level 5. HP: 28/28 MP: 4/10
  3054 | D:3      | Found a sacrificial altar of Ru.
  3624 | D:3      | Reached XP level 6. HP: 28/32 MP: 11/11
  3966 | D:3      | Reached skill level 7 in Air Magic
  4787 | D:4      | Reached XP level 7. HP: 32/36 MP: 8/13
  4827 | D:4      | Reached skill level 8 in Air Magic
  4872 | D:4      | Found a staircase to the Ecumenical Temple.
  4929 | Temple   | Entered the Ecumenical Temple
  5391 | D:4      | Reached skill level 1 in Fighting
  5478 | D:4      | Reached skill level 9 in Air Magic
  5886 | D:5      | Entered Level 5 of the Dungeon
  6021 | D:5      | Reached XP level 8. HP: 44/44 MP: 7/15
  6089 | D:5      | Found an ancient bone altar of Kikubaaqudgha.
  6097 | D:5      | Became a worshipper of Kikubaaqudgha
  6214 | D:5      | Noticed Grinder
  6218 | D:5      | Killed Grinder
  6219 | D:5      | Reached skill level 1 in Necromancy
  6306 | D:5      | Reached skill level 10 in Air Magic
  6409 | D:5      | Found a snail-covered altar of Cheibriados.
  6559 | D:5      | Reached skill level 5 in Spellcasting
  7206 | D:6      | Noticed a boulder beetle
  7450 | D:6      | Reached XP level 9. HP: 51/51 MP: 9/17
  7497 | D:6      | Found an iron altar of Okawaru.
  8248 | D:6      | Reached * piety under Kikubaaqudgha
  8248 | D:6      | Received a gift from Kikubaaqudgha
  8271 | D:6      | Reached skill level 11 in Air Magic
  8440 | D:6      | Reached skill level 5 in Necromancy
  9576 | D:7      | Reached skill level 12 in Air Magic
  9734 | D:7      | Reached ** piety under Kikubaaqudgha
 10093 | D:8      | Found a staircase to the Lair.
 10098 | D:8      | Found Xaynycip's Book Shoppe.
 10181 | D:8      | Reached XP level 10. HP: 51/58 MP: 12/20
 10291 | D:8      | Found a white marble altar of Elyvilon.
 11010 | D:9      | Reached skill level 5 in Fighting
 11346 | D:9      | Noticed Harold
 11362 | D:9      | Killed Harold
 11363 | D:9      | Reached skill level 13 in Air Magic
 12005 | D:9      | Reached XP level 11. HP: 46/64 MP: 10/22
 12462 | D:9      | Found a glowing golden altar of the Shining One.
 12494 | D:9      | Reached *** piety under Kikubaaqudgha
 12494 | D:9      | Received a gift from Kikubaaqudgha
 12584 | D:9      | Found a broken altar of Ashenzari.
 12585 | D:9      | Found a shadowy altar of Dithmenos.
 12666 | Lair:1   | Entered Level 1 of the Lair of Beasts
 12803 | Lair:1   | Noticed a five-headed hydra
 12818 | Lair:1   | Killed a five-headed hydra
 12901 | Lair:1   | Noticed a six-headed hydra
 12909 | Lair:1   | Killed a six-headed hydra
 12910 | Lair:1   | Reached skill level 5 in Dodging
 12910 | Lair:1   | Reached skill level 14 in Air Magic
 14322 | Lair:1   | Noticed Sonja
 14323 | Lair:1   | Killed Sonja
 14324 | Lair:1   | Reached skill level 10 in Necromancy
 14324 | Lair:1   | Reached skill level 15 in Air Magic
 14324 | Lair:1   | Reached XP level 12. HP: 71/71 MP: 19/24
 14545 | Lair:2   | Noticed Erica
 14711 | Lair:2   | Killed Erica
 14786 | Lair:2   | Learned a level 6 spell: Simulacrum
 14861 | Lair:2   | Found a hole to the Spider Nest.
 15219 | Lair:2   | Reached skill level 1 in Ice Magic
 15454 | Lair:2   | Reached **** piety under Kikubaaqudgha
 16113 | Lair:3   | Noticed an alligator
 16125 | Lair:3   | Killed an alligator
 17982 | Lair:3   | Reached XP level 13. HP: 22/78 MP: 8/26
 19575 | D:10     | Entered Level 10 of the Dungeon
 20278 | D:10     | Reached skill level 5 in Ice Magic
 21207 | D:11     | Found a staircase to the Orcish Mines.
 21371 | D:11     | Found a bloodstained altar of Trog.
 21815 | Orc:1    | Entered Level 1 of the Orcish Mines
 22078 | Orc:2    | Entered Level 2 of the Orcish Mines
 22134 | Orc:2    | Found Qarghabasm's Magic Scroll Shoppe.
 22178 | Orc:2    | Found a staircase to the Elven Halls.
 22995 | Orc:2    | Noticed an ettin
 23003 | Orc:2    | Slain by an ettin

Illustrated notes

Levels and vault maps discovered:
D:1:      psy_arrival_dodecagon, layout_rooms
D:2:      layout_basic, serial_shops, nicolae_diamond_shop,
          nicolae_shop_window_shopping, nicolae_shop_hallway_plus,
          nicolae_shop_crystal, ebering_ecumenical_altar_webs,
          minmay_goblin_kobold_house
D:3:      minmay_goblin_kobold_castle, layout_rooms,
          nicolae_ru_great_annihilating_truth, chequers_serial_rivers_small_a,
          grunt_ministairs_15, st_stairs_6
D:4:      layout_loops_cross, minmay_temple_entry_proselytizer, hex_large,
          minivault_23
D:5:      layout_layer_cave, kiku_gazebo_garden_becter, slow_altar_1,
          uniq_grinder
D:6:      layout_rooms, amcnicky_altar_gilded
D:7:      layout_loops_corners
D:8:      layout_loops_cross, elyvilon_altar_1, dpeg_oklobed_lair, serial_shops,
          shop
D:9:      layout_roguey, gammafunk_temple_overflow_pools,
          nicolae_overflow_crystal_walls, uniq_harold
D:10:     layout_loops_cross
D:11:     layout_roguey, minmay_orc_entry_temple_small, bloody_trog
Temple:   nicolae_temple_superstar
Lair:1:   layout_long_grid, special_room [special_room_bee],
          eino_small_chamber_without_monster, grunt_megastairs_1, uniq_sonja
Lair:2:   dpeg_oklob_gauntlet, layout_chaotic_city,
          hellmonk_spider_entry_not_the_bees, serial_bayou_shore_b,
          infiniplex_staircase_pool_2, serial_bayou_shore_b, uniq_erica
Lair:3:   onia_ninara_swampy_vault, layout_cave_pods, swamp_mist,
          ebering_ghost_xom, mumra_transporter_accident, beast_lair_carwin_9
Lair:4:   layout_layer_cave
Orc:1:    layout_diamond_mine
Orc:2:    st_orc_pillars, layout_caves, gauntlet_entry_generic, serial_shops,
          shop_fountains, hellmonk_guarded_unrand_dark_maul

Skill      XL: |  1  2  3  4  5  6  7  8  9 10 11 12 13 |
---------------+----------------------------------------+-----
Air Magic      | 5 6 7 9 10 12 13 15 | 15.0
Stealth        | 3 4 |  4.0
Spellcasting   | 3 4 5 6 7 8 9 |  9.2
Fighting       | 2 3 4 5 6 7 8 |  8.8
Necromancy     | 4 6 8 10 11 13 | 13.0
Dodging        | 4 6 7 8 |  8.5
Ice Magic      | 4 6 |  6.3
Conjurations   | |  1.3

Action                   |  1- 3 |  4- 6 |  7- 9 | 10-12 | 13-15 || total
-------------------------+-------+-------+-------+-------+-------++-------
Melee: Club              |    31 |       |       |       |       ||    31
       Kick              |     9 |     2 |     5 |     2 |     1 ||    19
       Unarmed           |     2 |       |       |       |       ||     2
       Peck              |     5 |       |     1 |     2 |     1 ||     9
       Dagger            |     6 |    11 |     9 |     6 |     6 ||    38
       Staff             |       |       |     1 |       |       ||     1
       Punch             |       |       |     1 |       |       ||     1
 Fire: Sling             |       |   104 |    35 |     3 |       ||   142
 Cast: Shock             |    51 |   108 |    43 |    22 |       ||   224
       Static Discharge  |     3 |    15 |    18 |   131 |    47 ||   214
       Airstrike         |       |     3 |   105 |   187 |    83 ||   378
       Simulacrum        |       |       |       |       |     1 ||     1
Invok: Unearth Wretches  |       |       |       |       |     1 ||     1
Evoke: Wand              |       |       |     1 |       |     1 ||     2
  Use: Scroll            |       |     5 |     9 |    14 |     4 ||    32
       Potion            |       |       |       |     2 |     3 ||     5
 Stab: Sleeping          |     1 |     2 |       |     1 |       ||     4
Armor: Robe              |    17 |    10 |     3 |     8 |     9 ||    47
Dodge: Dodged            |    42 |    52 |    24 |   111 |    57 ||   286
